 Dungeon Sprint DCSS version 0.28-a0-1429-gf3d713df7a (webtiles) character file.

Game seed: 3992427430888689542

28 mhtbhm the Shield-Bearer (level 3, -4/25 HPs)
             Began as a Gargoyle Fighter on Jan 8, 2022.
             Slain by a human (7 damage)
             ... in the Dungeon (Sprint III: "The Ten Rune Challenge").
             The game lasted 00:00:11 (117 turns).

mhtbhm the Shield-Bearer (Gargoyle Fighter)          Turns: 117, Time: 00:00:11

Health: -4/25      AC: 10    Str: 21    XL:     3   Next: 12%
Magic:  3/3        EV:  9    Int:  8    God:
Gold:   0          SH:  4    Dex:  9    Spells: 2/2 levels left

rFire   . . .      SeeInvis .   a - +0 flail
rCold   . . .      Faith    .   c - +0 buckler
rNeg    + . .      Spirit   .   b - +0 scale mail
rPois   ∞          Reflect  .   (no helmet)
rElec   +          Harm     .   (no cloak)
rCorr   .          Rampage  .   (no gloves)
Will    .....      NoTele   +   (no boots)
Stlth   ..........              (no amulet)
HPRegen 0.08/turn               (no ring)
MPRegen 0.08/turn               (no ring)

@: no status effects
A: sickness immunity, AC +3, negative energy resistance 1, electricity
resistance, torment resistance 1, petrification resistance
a: no special abilities


You were in the Dungeon.
You visited 1 branch

Inventory:

Hand Weapons
 a - a +0 flail (weapon)
Armour
 b - a +0 scale mail (worn)
 c - a +0 buckler (worn)
Scrolls
 j - 2 scrolls of blinking
Potions
 d - a potion of might
 e - a potion of curing
 f - a potion of heal wounds
 g - a potion of haste
 h - 2 potions of magic
 i - a potion of berserk rage


   Skills:
 + Level 4.8 Fighting
 + Level 2.6 Maces & Flails
 + Level 4.8 Armour
 + Level 4.9 Shields


You had 2 spell levels left.
You didn't know any spells.
Your spell library was empty.

Dungeon Overview and Level Annotations

Branches:
Dungeon (1/1)

Altars:


Innate Abilities, Weirdness & Mutations

You are immune to sickness and miasma.
Your stone body is resilient. (AC +3)
You are immune to poison.
You resist negative energy. (rN+)
You are resistant to electric shocks. (rElec)
You are resistant to unholy torment.
You are immune to petrification.


Message History

Increase (S)trength, (I)ntelligence, or (D)exterity?
You feel stronger. x2
You sock the rat!
You kill the rat!
No target in view!
You see here a rat corpse.
Things that are here:
a +0 dagger; a +0 robe
j - 2 scrolls of blinking (gained 1)
You start resting.
You open the door.
There is an open door here.
A human comes into view.
The human shouts!
The human hits you. The human barely misses you. The human hits you.
You miss the human. The human barely misses you.
You closely miss the human. The human barely misses you. The human hits you!
You barely miss the human. The human hits you.
You hit the human.
The human is lightly wounded.
The human hits you.
* * * LOW HITPOINT WARNING * * *
You barely miss the human.
The human is lightly wounded.
The human barely misses you. The human hits you but does no damage.
You closely miss the human.
The human is lightly wounded.
The human hits you but does no damage.
You closely miss the human.
The human is lightly wounded.
The human barely misses you.
You closely miss the human.
The human is lightly wounded.
The human hits you but does no damage.
You closely miss the human.
The human is lightly wounded.
The human hits you!
You die...

.††..#
.....#...≈≈♣...♣.#
....(#..≈≈≈≈..♣♣.+
####'#..≈≈≈≈≈≈...#
...)†#.≈≈≈≈≈≈....#
.....#.≈≈≈≈≈.....#
.....#.≈≈≈.......#
'#####...........#
...............p@#
▓▓▓▓▓▓▓▓▓▓▓▓▓▓▓▓▓▓


You could see a human.

Vanquished Creatures
  Jessica (D)
  3 rats (D)
4 creatures vanquished.

Notes
Turn   | Place    | Note
-------+----------+-------------------------------------------
     0 | D        | mhtbhm the Gargoyle Fighter began the quest for the Orb.
     0 | D        | Reached XP level 1. HP: 14/14 MP: 1/1
    11 | D        | Noticed Jessica
    15 | D        | Killed Jessica
    16 | D        | Reached XP level 2. HP: 15/20 MP: 2/2
    16 | D        | Reached XP level 3. HP: 19/25 MP: 3/3
   117 | D        | Slain by a human

Illustrated notes

Levels and vault maps discovered:
D:        dungeon_sprint_mu [sprint_mu_entry_forest, sprint_mu_temple_rooms,
          sprint_mu_d1_spiders, sprint_mu_d2_genie, sprint_mu_d3_branching,
          sprint_mu_orc_legion, sprint_mu_elf_gauntlet, sprint_mu_hive_nellie,
          sprint_mu_lair_fedhas, sprint_mu_vaults_butterflies,
          sprint_mu_slime_circle, sprint_mu_swamp_cave, sprint_mu_snake_twists,
          sprint_mu_blade_basic, sprint_mu_crypt_chambers,
          sprint_mu_tomb_spiral, sprint_mu_vestibule_basic,
          sprint_mu_gehenna_hellfire, sprint_mu_dis_giant,
          sprint_mu_tartarus_statrot, sprint_mu_cocytus_islands, sprint_mu_zot1]

Skill      XL: |  1 |
---------------+----+-----
Fighting       | 4 |  4.8
Armour         | 4 |  4.8
Shields        | 4 |  4.9
Maces & Flails | |  2.6

Action                   || total
-------------------------++-------
Melee: Flail             ||    17
Armor: Scale mail        ||     9
Dodge: Dodged            ||     7
Block: Buckler           ||     2

Table legend: (Time is in decaauts)
 A = Elapsed time spent in this place.
 B = Non-inter-level travel time spent in this place.
 C = Inter-level travel time spent in this place.
 D = Time resting spent in this place.
 E = Time spent auto-exploring this place.
 F = Levels seen in this place.
 G = Mean time per level.
                   A        B        C        D        E       F      G
               +--------+--------+--------+--------+--------+-----+--------+
         Total |    121 |    121 |      0 |     66 |      5 |   1 |  121.0 |
       Dungeon |    121 |    121 |      0 |     66 |      5 |   1 |  121.0 |
               +--------+--------+--------+--------+--------+-----+--------+

Top non-repeatable levels by time:
       D: 121 daAuts
